[Event "Titled Tuesday Blitz February 07 Late 2023"]
[White "Danielyan, Vahe"]
[Black "Tatarinov, Dmitry"]
[WhiteFideId "13304828"]
[BlackFideId "24160067"]
[WhiteElo "2346"]
[BlackElo "2310"]
[Result "0-1"]
[Round "06"]
[TimeControl "180+2"]
[Date "2023.02.07"]
[WhiteClock "0:00:04"]
[BlackClock "0:01:38"]

1. e4 c5 2. Nc3 d6 3. Nge2 Nc6 4. g3 h5 5. h3 g6 6. Bg2 Bg7 7. d3 Rb8 8. a4 a6 9. Be3 e5 10. O-O b5 11. axb5 axb5 12. f4 exf4 13. gxf4 b4 14. Nd5 Bxb2 15. f5 Nge7 16. Nef4 gxf5 17. Nxh5 Nxd5 18. exd5 Ne5 19. Ra7 Rg8 20. Bh6 Qh4 21. Rf4 Bd4+ 22. Kh1 Rg4 23. Ng7+ Kd8 24. Rxd4 Qxh6 25. Qa1 Rb5 26. Nxf5 Bxf5 27. Ra8+ Bc8 28. Qa6 Qc1+ 29. Kh2 Nf3+ 30. Bxf3 Qg1# 0-1


[Site "https://www.chess.com"]

[Event "Titled Tuesday Blitz February 07 Late 2023"]
[White "Starozhilov, Leonid"]
[Black "Vega Gutierrez, Sabrina"]
[WhiteFideId "14106752"]
[BlackFideId "2219026"]
[WhiteElo "2313"]
[BlackElo "2377"]
[Result "0-1"]
[Round "06"]
[TimeControl "180+2"]
[Date "2023.02.07"]
[WhiteClock "0:00:03"]
[BlackClock "0:00:05"]

1. e4 c5 2. Nf3 e6 3. c4 Nc6 4. d4 cxd4 5. Nxd4 Nf6 6. Nc3 Bb4 7. Nxc6 dxc6 8. Qxd8+ Kxd8 9. e5 Bxc3+ 10. bxc3 Nd7 11. f4 c5 12. a4 b6 13. a5 Bb7 14. Be2 f6 15. O-O Ke7 16. Be3 h6 17. Rfb1 Be4 18. Rd1 fxe5 19. fxe5 Nxe5 20. Bf4 Nf7 21. Bc7 bxa5 22. Rxa5 Rhc8 23. Rxc5 a5 24. Bb6 a4 25. Ra1 Rxc5 26. Bxc5+ Kd7 27. Bd4 g6 28. Bc5 Bc6 29. Bd3 Ne5 30. Be2 Rb8 31. Bb4 Rb7 32. Rd1+ Ke8 33. Kf2 Rf7+ 34. Ke3 Bxg2 35. Rd6 Rf6 36. Ra6 Bf3 37. Ra8+ Bxa8 38. Bd1 h5 39. Bxa4+ Bc6 40. Bc2 Ng4+ 41. Kd4 Nxh2 42. Ke5 Rf2 43. Bxg6+ Kd8 44. Kd6 Bb7 45. c5 Rd2+ 46. Kxe6 Kc7 47. Ba5+ Kc6 48. Be4+ Kb5 49. Bxb7 Kxa5 50. c6 Kb6 51. c4 Kc7 52. c5 Ng4 53. Kf5 Rg2 54. Kg5 Nf6+ 55. Kxf6 h4 56. Ba6 h3 57. Bf1 Rf2+ 0-1


[Site "https://www.chess.com"]

[Event "Titled Tuesday Blitz February 07 Late 2023"]
[White "UnknownMagician"]
[Black "Mazurkiewicz, Michal"]
[BlackFideId "1124943"]
[WhiteElo "2696"]
[BlackElo "2145"]
[Result "1-0"]
[Round "06"]
[TimeControl "180+2"]
[Date "2023.02.07"]
[WhiteClock "0:01:45"]
[BlackClock "0:00:02"]

1. c4 Nf6 2. Nf3 g6 3. b3 Bg7 4. Bb2 O-O 5. g3 d6 6. Bg2 c5 7. O-O Nc6 8. Nc3 Rb8 9. d4 cxd4 10. Nxd4 Nxd4 11. Qxd4 Ng4 12. Qd2 Qa5 13. Rfd1 Qh5 14. h3 Ne5 15. g4 Qh4 16. Nd5 Re8 17. f4 Nc6 18. Bxg7 Kxg7 19. Qc3+ f6 20. Rd3 e6 21. Nc7 Re7 22. Nb5 h5 23. g5 Qxf4 24. gxf6+ Qxf6 25. Qxf6+ Kxf6 26. Nxd6 Ke5 27. Rf1 Nb4 28. Rd2 Bd7 29. Nf7+ Rxf7 30. Rxf7 Bc6 31. a3 Bxg2 32. axb4 Bc6 33. b5 Be4 34. Kf2 g5 35. Ke3 Bf5 36. Rdd7 Bxh3 37. Rg7 1-0


[Site "https://www.chess.com"]

[Event "Titled Tuesday Blitz February 07 Late 2023"]
[White "Kalogeris, Ioannis"]
[Black "Dudzinski, Pawel"]
[WhiteFideId "4239563"]
[BlackFideId "1117890"]
[WhiteElo "2423"]
[BlackElo "2186"]
[Result "1-0"]
[Round "06"]
[TimeControl "180+2"]
[Date "2023.02.07"]
[WhiteClock "0:01:04"]
[BlackClock "0:00:54"]

1. e4 c6 2. d4 d5 3. e5 c5 4. Nf3 e6 5. c4 dxc4 6. Nc3 cxd4 7. Qxd4 Nc6 8. Qxd8+ Nxd8 9. Bxc4 Bd7 10. Bd2 Rc8 11. Bb5 Bb4 12. Bxd7+ Kxd7 13. O-O-O Kc7 14. Kb1 Bxc3 15. Bxc3 Ne7 16. Bb4 Nd5 17. Bd6+ Kd7 18. Ng5 h6 19. Ne4 b6 20. Rd3 f5 21. exf6 gxf6 22. Bg3 Kc6 23. Rc1+ Kb7 24. Nd6+ 1-0


[Site "https://www.chess.com"]

[Event "Titled Tuesday Blitz February 07 Late 2023"]
[White "Papasimakopoulos, Alexandros"]
[Black "Buchenau, Frank"]
[WhiteFideId "4244125"]
[BlackFideId "4604350"]
[WhiteElo "2401"]
[BlackElo "2222"]
[Result "1-0"]
[Round "06"]
[TimeControl "180+2"]
[Date "2023.02.07"]
[WhiteClock "0:00:42"]
[BlackClock "0:00:07"]

1. Nf3 Nf6 2. b3 b6 3. Bb2 Bb7 4. g3 e6 5. Bg2 Be7 6. O-O O-O 7. c4 c5 8. Nc3 d6 9. d4 cxd4 10. Qxd4 Nbd7 11. Rad1 a6 12. Rd2 Qc7 13. Rfd1 Rac8 14. h3 Qb8 15. Ba3 Nc5 16. Ng5 Bxg2 17. Kxg2 Qb7+ 18. Nf3 b5 19. cxb5 axb5 20. Bb2 b4 21. Na4 Nxa4 22. bxa4 e5 23. Qe3 Rc4 24. Kg1 Rfc8 25. Qb3 Ne4 26. Rd5 Nc3 27. Bxc3 Rxc3 28. Qb1 g6 29. Rb5 Qa6 30. Qxb4 Rc2 31. Rd2 Rxd2 32. Nxd2 Rc1+ 33. Kg2 Qc6+ 34. e4 Qc2 35. Nb3 Rb1 36. Rd5 Qxa2 37. Rd3 Rb2 38. Rf3 Kg7 39. Qc4 Bf6 40. h4 Rc2 41. Qd5 h5 42. a5 Qa4 43. Qxd6 Qxe4 44. Qxf6+ Kg8 45. Qxf7+ Kh8 46. Nc5 Qc6 47. Ne6 1-0


[Site "https://www.chess.com"]

[Event "Titled Tuesday Blitz February 07 Late 2023"]
[White "Vlassov, Nikolai"]
[Black "Becerra, Juan David"]
[WhiteFideId "4103360"]
[BlackFideId "4404998"]
[WhiteElo "2283"]
[BlackElo "2382"]
[Result "0-1"]
[Round "06"]
[TimeControl "180+2"]
[Date "2023.02.07"]
[WhiteClock "0:00:02"]
[BlackClock "0:00:03"]

1. e4 c5 2. c3 d5 3. exd5 Qxd5 4. d4 cxd4 5. cxd4 Nc6 6. Nf3 Bg4 7. Nc3 Bxf3 8. gxf3 Qxd4 9. Qxd4 Nxd4 10. Nb5 Nc2+ 11. Kd1 Nxa1 12. Nc7+ Kd8 13. Nxa8 Kc8 14. Bf4 Nf6 15. Bh3+ e6 16. Ke2 Nd5 17. Bg3 Kd7 18. Rxa1 Bd6 19. Rd1 Bxg3 20. Rxd5+ Bd6 21. Rb5 Kc6 22. Rg5 g6 23. f4 Rxa8 24. Bg2+ Kc7 25. Rb5 Rb8 26. Ke3 a6 27. Rb3 Bc5+ 28. Ke2 b5 29. Rc3 Kb6 30. b4 Bxb4 31. Rc6+ Ka5 32. Rc7 Rf8 33. Rc6 Re8 34. Be4 Re7 35. Bd3 Rd7 36. a4 Rd6 37. axb5 axb5 38. Rc7 f5 39. Rxh7 Bc3 40. Rh6 e5 41. fxe5 Bxe5 42. h4 b4 43. h5 b3 44. Rxg6 Bf6 45. h6 b2 46. Bxf5 Rd5 47. Bb1 Bc3 48. h7 Rd2+ 49. Ke3 Rd1 0-1


[Site "https://www.chess.com"]

[Event "Titled Tuesday Blitz February 07 Late 2023"]
[White "Bilan, Danila"]
[Black "Martinez Ramirez, Lennis"]
[WhiteFideId "24161918"]
[BlackFideId "3509079"]
[WhiteElo "2303"]
[BlackElo "2426"]
[Result "0-1"]
[Round "06"]
[TimeControl "180+2"]
[Date "2023.02.07"]
[WhiteClock "0:00:08"]
[BlackClock "0:01:14"]

1. d4 e6 2. Nf3 b6 3. g3 Bb7 4. Bg2 f5 5. c4 Nf6 6. Nc3 Bb4 7. Qb3 Nc6 8. O-O Bxc3 9. Qxc3 Ne4 10. Qc2 O-O 11. b3 a5 12. Bb2 d6 13. Nd2 Nb4 14. Qd1 Qf6 15. a3 Na6 16. Qc2 d5 17. f3 Nd6 18. e4 Qg6 19. e5 Nf7 20. f4 Rfd8 21. Bc3 c5 22. dxc5 Nxc5 23. b4 Ne4 24. Nxe4 fxe4 25. cxd5 Bxd5 26. Rfe1 Rac8 27. Qb2 a4 28. Bd4 b5 29. Bc5 Nh6 30. Qe2 Nf5 31. Rad1 e3 32. Bxe3 Nxe3 33. Qxe3 Bxg2 34. Rxd8+ Rxd8 35. Kxg2 Rd3 36. Qb6 Rd2+ 37. Kg1 h5 38. Qe3 Qc2 39. Qe4 Qb2 40. Qa8+ Kh7 41. Qe4+ Kh6 42. f5 exf5 43. Qc6+ g6 44. e6 Qd4+ 45. Kh1 Qf2 0-1


[Site "https://www.chess.com"]

[Event "Titled Tuesday Blitz February 07 Late 2023"]
[White "Fernandez Garcia, Gumersindo"]
[Black "Rosen, Eric"]
[WhiteFideId "24516740"]
[BlackFideId "2032562"]
[WhiteElo "2160"]
[BlackElo "2349"]
[Result "0-1"]
[Round "06"]
[TimeControl "180+2"]
[Date "2023.02.07"]
[WhiteClock "0:00:10"]
[BlackClock "0:00:09"]

1. e4 c5 2. Nf3 Nc6 3. d4 cxd4 4. Nxd4 g6 5. Nc3 Bg7 6. Be3 Nf6 7. f3 O-O 8. Bc4 Re8 9. Bb3 e6 10. Qd2 d5 11. O-O-O Nxd4 12. Bxd4 e5 13. Bc5 d4 14. Nd5 Nxd5 15. Bxd5 Be6 16. Bxe6 Rxe6 17. Kb1 Rc6 18. Ba3 Qc7 19. g3 Rc8 20. Rc1 b5 21. f4 a5 22. b3 Qa7 23. Bb2 a4 24. Rhd1 Ra8 25. a3 b4 26. Qxb4 Rb6 27. Qc5 Bf8 28. Qxe5 axb3 29. Qxd4 bxc2+ 30. Rxc2 Rxb2+ 31. Rxb2 Qxa3 32. Rd3 Qa1+ 33. Kc2 Rc8+ 34. Rc3 Ra8 35. e5 Qh1 36. Qd2 Qe4+ 37. Qd3 Qg2+ 38. Kb3 Rb8+ 39. Kc4 Qxb2 40. Qd7 Qb4+ 41. Kd3 Qb5+ 42. Qxb5 Rxb5 43. h4 Rb2 44. Ke4 Rg2 45. Kf3 Rg1 46. Kf2 Rd1 47. Kf3 h5 48. Ke4 Re1+ 49. Kf3 Rb1 50. Ke4 Rb7 51. f5 gxf5+ 52. Kxf5 Rb6 53. g4 hxg4 54. Kxg4 Re6 55. Re3 Bg7 56. Kf5 Kh7 57. h5 Bh6 58. Re4 Bf8 59. Re2 Rh6 60. Kg5 Be7+ 61. Kg4 Re6 62. Kf5 Bd8 63. Re1 Bc7 64. Re2 Rh6 65. Kg5 Bd8+ 66. Kf5 Kg7 67. Kg4 Kf8 68. Ra2 Re6 69. Re2 Bc7 70. Kf5 Bb6 71. Re4 Kg7 72. Re2 Bd4 73. Re4 Bc3 74. Re3 Bb2 75. Re2 Ba3 76. Re3 Bc5 77. Re2 Kf8 78. Re1 Bb6 79. Re2 Ke7 80. Rh2 Rh6 81. Kg5 Be3+ 82. Kf5 Rh8 83. Ke4 Bh6 84. Kf5 Ra8 85. Rc2 Ra7 86. Rc4 Rb7 87. Rc2 Kf8 88. Rc8+ Kg7 89. Rc4 Re7 90. Rg4+ Kf8 91. Re4 Rb7 92. Re2 Rb5 93. Re4 Rb3 94. Re2 Rb4 95. Re1 Rf4# 0-1


[Site "https://www.chess.com"]

[Event "Titled Tuesday Blitz February 07 Late 2023"]
[White "Mikhalsky, Vladimir"]
[Black "Di Berardino, Diego Rafael"]
[WhiteFideId "14144352"]
[BlackFideId "2105446"]
[WhiteElo "2219"]
[BlackElo "2479"]
[Result "0-1"]
[Round "06"]
[TimeControl "180+2"]
[Date "2023.02.07"]
[WhiteClock "0:00:06"]
[BlackClock "0:00:06"]

1. e4 c5 2. Nf3 b6 3. d4 cxd4 4. Nxd4 Bb7 5. Nc3 Nf6 6. e5 Nd5 7. Qf3 Qc7 8. Ndb5 Qxe5+ 9. Be2 Nxc3 10. Qxc3 Qxc3+ 11. bxc3 Na6 12. O-O e6 13. a4 Bc5 14. a5 O-O 15. Be3 Bxe3 16. fxe3 Nc5 17. Nd6 Bc6 18. Nc4 b5 19. Ne5 a6 20. c4 b4 21. Nxc6 dxc6 22. Bf3 Rfc8 23. Rfd1 e5 24. Rab1 Rab8 25. Rd6 e4 26. Bg4 Rf8 27. Rxc6 Na4 28. Rxa6 f5 29. Bh3 g6 30. g4 Nc3 31. Rf1 f4 32. exf4 Ne2+ 33. Kh1 Nxf4 34. Bg2 e3 35. Re1 Rbe8 36. g5 e2 37. Rf6 Rxf6 38. gxf6 Re5 39. a6 Ra5 40. Bb7 Kf7 41. Kg1 Kxf6 42. Kf2 Ke5 43. c5 g5 44. c6 Kd6 45. Rxe2 Nxe2 46. Kxe2 Kc7 47. Kf3 h5 48. Ke4 Kb6 49. Kd4 Ra3 50. Kc4 Rc3+ 51. Kxb4 Rxc2 52. h3 g4 53. hxg4 hxg4 54. Kb3 Rxc6 55. Bxc6 Kxc6 56. Kc3 g3 57. Kd2 g2 58. Ke2 g1=Q 0-1


[Site "https://www.chess.com"]

[Event "Titled Tuesday Blitz February 07 Late 2023"]
[White "Koellner, Ruben Gideon"]
[Black "Grot, Blazej"]
[WhiteFideId "12993093"]
[BlackFideId "21835845"]
[WhiteElo "2426"]
[BlackElo "1990"]
[Result "1-0"]
[Round "06"]
[TimeControl "180+2"]
[Date "2023.02.07"]
[WhiteClock "0:00:12"]
[BlackClock "0:00:08"]

1. d4 d5 2. Nf3 Nf6 3. e3 c6 4. Nbd2 e6 5. Bd3 Bd6 6. O-O Qe7 7. e4 dxe4 8. Nxe4 Nxe4 9. Bxe4 Nd7 10. c3 h6 11. Re1 Nf6 12. Bc2 O-O 13. Qe2 b6 14. Ne5 Bb7 15. Nc4 Bc7 16. Be3 Nd5 17. Bd2 c5 18. dxc5 Qxc5 19. Ne5 Nf6 20. Bf4 Rad8 21. Rad1 Nd5 22. Bg3 Nf6 23. Bb3 Bd5 24. Nd3 Qe7 25. Nb4 Bxb3 26. axb3 Rxd1 27. Rxd1 Bxg3 28. hxg3 Rd8 29. Nc6 Rxd1+ 30. Qxd1 Qc7 31. Qd8+ Qxd8 32. Nxd8 Ne4 33. Nc6 a5 34. b4 axb4 35. Nxb4 Kf8 36. Kf1 Nd2+ 37. Ke2 Nc4 38. Nd3 Ke7 39. b3 Na5 40. Nc1 Kd6 41. Kd3 Nb7 42. Kc4 Nc5 43. Kb5 Ne4 44. Kxb6 Nxc3 45. Nd3 Nd5+ 46. Ka6 e5 47. f3 f5 48. Kb5 e4 49. fxe4 fxe4 50. Ne1 e3 51. Kc4 Ke5 52. Kd3 g5 53. Nc2 h5 54. Nxe3 Nb4+ 55. Kc4 Nc6 56. Kd3 Nb4+ 57. Kd2 Nc6 58. Nc4+ Ke4 59. Nd6+ Ke5 60. Nf7+ Kf6 61. Nd6 Ke5 62. Nb5 Kf5 63. Kd3 Kg4 64. Nd4 Ne5+ 65. Ke4 Nd7 66. Ne2 Nc5+ 67. Ke5 Nxb3 68. Ke4 Nd2+ 69. Ke3 Nf1+ 70. Kf2 Nd2 71. Nc3 Ne4+ 72. Nxe4 Kf5 73. Nd2 Kg4 74. Nf3 h4 75. gxh4 gxh4 76. Ng1 Kf4 77. Nh3+ Kg4 78. Kf1 Kg3 79. Kg1 Kg4 80. Kf2 Kh5 81. Kf3 Kg6 82. Kg4 Kh6 83. Kxh4 Kg6 84. g4 Kh7 85. g5 Kg7 86. Kg4 Kh7 87. Nf4 Kg7 88. Kf5 Kg8 89. g6 Kf8 90. Kf6 Kg8 91. Ne6 1-0


[Site "https://www.chess.com"]

[Event "Titled Tuesday Blitz February 07 Late 2023"]
[White "Klose, Eli"]
[Black "Sarkar, Justin"]
[WhiteFideId "16242955"]
[BlackFideId "2010011"]
[WhiteElo "1519"]
[BlackElo "2309"]
[Result "1/2-1/2"]
[Round "06"]
[TimeControl "180+2"]
[Date "2023.02.07"]
[WhiteClock "0:00:30"]
[BlackClock "0:00:15"]

1. e4 e5 2. Nf3 Nc6 3. d4 exd4 4. Bc4 Nf6 5. O-O Nxe4 6. Re1 d5 7. Bxd5 Qxd5 8. Nc3 Qh5 9. Nxe4 Be6 10. Bg5 Bd6 11. Nxd6+ cxd6 12. Bf4 Qd5 13. c3 O-O 14. Nxd4 Nxd4 15. Qxd4 Qxd4 16. cxd4 Rfd8 17. Rac1 Rac8 18. a3 Rxc1 19. Rxc1 Rc8 20. Rxc8+ Bxc8 21. Bxd6 Be6 22. f3 f6 23. Kf2 Bd5 24. Ke3 Kf7 25. Kd3 Ke6 26. Bc5 a6 27. Kc3 g6 28. Kb4 Kd7 29. Bf8 Kc6 30. Kc3 f5 31. Kd3 Kd7 32. Ke3 Ke6 33. Kf4 Kf6 34. Bd6 g5+ 35. Kg3 h5 36. h3 f4+ 37. Kf2 h4 38. Bc7 Kf5 39. Ke2 Bc4+ 40. Ke1 Bd5 41. Bd8 Bc4 42. Kf2 Bd5 43. Ke2 Bc4+ 44. Ke1 Bd5 45. Be7 Bc4 46. Kd2 Bf1 47. d5 Bxg2 48. d6 Ke6 49. Ke2 Bxh3 50. Bxg5 Kxd6 51. Bxf4+ Ke6 52. Bg5 Bf5 53. Bxh4 a5 54. Kd2 b5 55. Kc3 Kd5 56. Bd8 a4 57. f4 Be4 58. Bc7 Bf5 59. Kb4 Kc6 60. Be5 Be4 61. Bc3 Bf5 62. Bf6 Be4 63. Bd8 Bf5 64. Kc3 Kd5 65. Kb4 Kc6 66. Ba5 Be4 67. Kc3 Kd5 68. Kd2 Bf5 69. Ke3 Be6 70. Kf3 Bf5 71. Kg3 Ke4 72. Bc7 Be6 73. Kh4 Kf5 74. Kh5 Bc4 75. Kh6 Bd3 76. Kg7 Bc4 77. Kf8 Bd3 78. Ke7 Bc4 79. Kd6 Bd3 80. Kc5 Be2 81. Kd4 Bf1 82. Kc3 Be2 83. Kb4 Bf1 84. Ka5 Be2 85. Kb6 Bf1 86. Kc5 Be2 87. Kb4 Bf1 88. b3 axb3 89. Kxb3 Be2 90. Kc3 Bd1 91. Kd2 Ba4 92. Kc3 Ke4 93. Bb8 Kf5 94. Kd4 Bb3 95. Kc5 Ba4 96. Kb4 Ke4 97. Kc5 Kf5 98. Be5 Ke4 99. Bd6 Kf5 100. Kd5 Bd1 101. Kd4 Be2 102. Bb8 Bf1 103. Kc5 Be2 104. Ba7 Bf1 105. Bb6 Be2 106. Bc7 Bf1 107. a4 bxa4 108. Kb4 a3 109. Kxa3 Be2 110. Be5 Bf3 111. Bb8 Be4 112. Kb4 Bf3 113. Kc3 Be4 114. Kd4 Bf3 115. Ke3 Be4 116. Kf2 Bc6 117. Kg3 Bd5 118. Kh4 Bc6 119. Kh5 Bd5 120. Kh6 Be4 121. Kg7 Bd5 122. Kf8 Be4 123. Ke7 Bd5 124. Kd6 Kxf4 1/2-1/2


[Site "https://www.chess.com"]

[Event "Titled Tuesday Blitz February 07 Late 2023"]
[White "Olenik Campa, Rudi"]
[Black "Rottenwohrer Suarez, Juan"]
[WhiteFideId "14633264"]
[BlackFideId "32068182"]
[WhiteElo "2356"]
[BlackElo "2265"]
[Result "0-1"]
[Round "06"]
[TimeControl "180+2"]
[Date "2023.02.07"]
[WhiteClock "0:02:09"]
[BlackClock "0:01:50"]

1. e4 c5 2. Nf3 g6 3. c4 Nc6 4. d4 cxd4 5. Nxd4 Nf6 6. Nc3 d6 7. Be3 Ng4 8. Bg5 Qb6 9. Nce2 Bg7 10. Be3 Nxe3 11. fxe3 Qxb2 12. Rb1 Qxa2 13. Nxc6 bxc6 14. Kf2 O-O 15. h4 Bg4 16. Rb7 Rab8 17. Rxe7 Be5 18. h5 Rb1 19. Qd3 gxh5 20. c5 f5 0-1


[Site "https://www.chess.com"]

[Event "Titled Tuesday Blitz February 07 Late 2023"]
[White "Remolar Gallen, Jose"]
[Black "Czopor, Maciej"]
[WhiteFideId "2215187"]
[BlackFideId "21805431"]
[WhiteElo "2285"]
[BlackElo "2385"]
[Result "1-0"]
[Round "06"]
[TimeControl "180+2"]
[Date "2023.02.07"]
[WhiteClock "0:00:12"]
[BlackClock "0:00:29"]

1. e4 g6 2. d4 c6 3. Nc3 d5 4. e5 f6 5. f4 Nh6 6. Nf3 Nf7 7. Bd3 Bg7 8. h4 Bg4 9. h5 gxh5 10. Ne2 Bxf3 11. gxf3 e6 12. Ng3 f5 13. Nxh5 Rg8 14. Qe2 Nd7 15. Bd2 Bf8 16. O-O-O Qb6 17. Nf6+ Nxf6 18. exf6 e5 19. fxe5 O-O-O 20. Bxf5+ Kb8 21. Be6 Nh6 22. Bxh6 Rh8 23. Bg7 Bb4 24. Bxh8 Rxh8 25. Bf5 h6 26. e6 a5 27. e7 Ka7 28. e8=Q Rxe8 29. Qxe8 a4 30. a3 Bd6 31. f7 Bf4+ 32. Kb1 Bd6 33. f8=Q Bxf8 34. Qxf8 Qb5 35. Qc5+ Qxc5 36. dxc5 Ka6 37. Rxh6 Kb5 38. Rh7 Kxc5 39. Rxb7 d4 40. Be4 Kd6 41. Rb6 Kc5 42. Rxc6+ Kb5 43. Rxd4 Ka5 44. Rd5# 1-0


[Site "https://www.chess.com"]

[Event "Titled Tuesday Blitz February 07 Late 2023"]
[White "Aldokhin, Ivan"]
[Black "Carrasco Miranda, Andres"]
[WhiteFideId "24115720"]
[BlackFideId "3405990"]
[WhiteElo "2413"]
[BlackElo "2240"]
[Result "0-1"]
[Round "06"]
[TimeControl "180+2"]
[Date "2023.02.07"]
[WhiteClock "0:00:02"]
[BlackClock "0:00:22"]

1. e4 c5 2. Nf3 d6 3. d4 cxd4 4. Nxd4 Nf6 5. Nc3 a6 6. Bc4 e6 7. Bb3 b5 8. O-O Be7 9. Qf3 Qb6 10. Be3 Qb7 11. Qg3 Nbd7 12. Bxe6 fxe6 13. Nxe6 Kf7 14. Qxg7+ Kxe6 15. Qxh8 Ne5 16. f4 Neg4 17. Bd4 Kf7 18. h3 Bd7 19. Qxa8 Qxa8 20. hxg4 Nxg4 21. Rae1 Qf8 22. Rf3 Qh6 23. Rh3 Qg6 24. f5 Qg8 25. Nd5 Bc6 26. Nxe7 Kxe7 27. Rg3 h5 28. e5 Qd5 29. f6+ Ke6 30. exd6+ Kxd6 31. Bc3 Qc5+ 32. Kh1 Qf2 33. Rd1+ Ke6 34. Re1+ Kf7 35. Re7+ Kf8 36. Rxg4 hxg4 0-1


[Site "https://www.chess.com"]

[Event "Titled Tuesday Blitz February 07 Late 2023"]
[White "Saveliev, Alexei"]
[Black "Rego, Pedro Filipe"]
[WhiteFideId "24128546"]
[BlackFideId "1904310"]
[WhiteElo "2385"]
[BlackElo "2312"]
[Result "1-0"]
[Round "06"]
[TimeControl "180+2"]
[Date "2023.02.07"]
[WhiteClock "0:02:17"]
[BlackClock "0:00:34"]

1. c4 Nf6 2. Nc3 e6 3. e4 d6 4. d4 Be7 5. f4 O-O 6. Nf3 c5 7. d5 a6 8. a4 exd5 9. cxd5 Bg4 10. Be2 Nbd7 11. O-O Re8 12. h3 Bxf3 13. Bxf3 Bf8 14. g4 Kh8 15. g5 Ng8 16. Bd2 c4 17. Be3 Rc8 18. Qd2 Nc5 19. Rae1 Qd7 20. Bg4 Qc7 21. Bxc8 Qxc8 22. Bxc5 Qxc5+ 23. Kg2 b5 24. axb5 axb5 25. Kf3 Ne7 26. h4 b4 27. Ne2 Ng6 28. Nd4 Be7 29. h5 Nf8 30. Rc1 Nd7 31. Nc6 Nb6 32. Qxb4 1-0


[Site "https://www.chess.com"]

[Event "Titled Tuesday Blitz February 07 Late 2023"]
[White "Kourkoulos-Arditis, Stamatis"]
[Black "Van Dael, Siem"]
[WhiteFideId "4221990"]
[BlackFideId "1049771"]
[WhiteElo "2539"]
[BlackElo "2319"]
[Result "1-0"]
[Round "06"]
[TimeControl "180+2"]
[Date "2023.02.07"]
[WhiteClock "0:01:17"]
[BlackClock "0:00:03"]

1. e4 c5 2. Nf3 d6 3. d4 cxd4 4. Nxd4 Nf6 5. Nc3 a6 6. Be2 e6 7. O-O Be7 8. a4 O-O 9. Be3 Qc7 10. f4 Nc6 11. Kh1 Nxd4 12. Qxd4 Rd8 13. a5 e5 14. Qd3 exf4 15. Bb6 Qc6 16. Bxd8 Bxd8 17. e5 Nd7 18. exd6 Ne5 19. Qd5 Qxd5 20. Nxd5 Be6 21. Nc7 Bxc7 22. dxc7 Rc8 23. Rxf4 Rxc7 24. c3 g5 25. Rd4 f6 26. Rd8+ Kg7 27. Rad1 Rc5 28. Rb8 Rc7 29. h3 Nc6 30. Re8 Bf7 31. Re4 Nxa5 32. Red4 Re7 33. Bf3 Be6 34. Re1 Nc6 35. Bxc6 bxc6 36. Rd6 Kf7 37. Rxc6 h5 38. Rxa6 g4 39. hxg4 hxg4 40. Kh2 f5 41. Kg3 Kf6 42. Kf4 Kf7 43. Raxe6 1-0


[Site "https://www.chess.com"]

[Event "Titled Tuesday Blitz February 07 Late 2023"]
[White "Shapiro, Viktor"]
[Black "Volkmann, Andre Jordi"]
[WhiteFideId "4175700"]
[BlackFideId "2154463"]
[WhiteElo "2192"]
[BlackElo "2158"]
[Result "1-0"]
[Round "06"]
[TimeControl "180+2"]
[Date "2023.02.07"]
[WhiteClock "0:01:26"]
[BlackClock "0:00:47"]

1. c4 Nf6 2. Nc3 e6 3. g3 d5 4. Bg2 Be7 5. Nf3 O-O 6. O-O b6 7. d4 Bb7 8. Ne5 Nbd7 9. cxd5 Nxd5 10. Nxd5 Bxd5 11. Nc6 Qe8 12. Bxd5 exd5 13. Bf4 Nf6 14. Rc1 Bd6 15. Bxd6 cxd6 16. e3 Qd7 17. b4 b5 18. a4 Rac8 19. axb5 a6 20. Qe2 axb5 21. Qxb5 Qh3 22. f3 Rfe8 23. Qe2 Qd7 24. b5 Qb7 25. Qd3 Re6 26. Rc3 Rce8 27. Re1 h5 28. h4 Nd7 29. Ra3 Ra8 30. Rea1 Rxa3 31. Rxa3 Nb6 32. Ra7 Qc8 33. Qf5 g6 34. Qxf7+ 1-0


[Site "https://www.chess.com"]

[Event "Titled Tuesday Blitz February 07 Late 2023"]
[White "O`Gorman, Tom"]
[Black "Sabar, Ethmane Daouda"]
[WhiteFideId "2508249"]
[BlackFideId "19600097"]
[WhiteElo "2355"]
[BlackElo "2040"]
[Result "1-0"]
[Round "06"]
[TimeControl "180+2"]
[Date "2023.02.07"]
[WhiteClock "0:00:37"]
[BlackClock "0:00:01"]

1. Nf3 d5 2. c4 c6 3. e3 Bg4 4. cxd5 Bxf3 5. gxf3 cxd5 6. Qb3 Qd7 7. Nc3 e6 8. d4 Nc6 9. Bd2 Bd6 10. Bd3 Nge7 11. a3 a6 12. Rg1 g6 13. f4 Rc8 14. Rc1 Nf5 15. Bxf5 gxf5 16. Na4 Qe7 17. Nc5 Bxc5 18. Rxc5 Qd7 19. Qb6 Qc7 20. Qxc7 Rxc7 21. Ke2 Ke7 22. b4 Kf6 23. a4 Rhc8 24. Rgc1 b6 25. R5c3 b5 26. axb5 axb5 27. Rc5 Ke7 28. Rg1 Na7 29. Rg7 Rxc5 30. bxc5 Nc6 31. Rxh7 Ra8 32. h4 b4 33. Kd3 Ra2 34. h5 b3 35. Bc3 b2 36. Kc2 Na5 37. Kb1 1-0


[Site "https://www.chess.com"]

[Event "Titled Tuesday Blitz February 07 Late 2023"]
[White "Tari, Aryan"]
[Black "Baches Garcia, Guillermo"]
[WhiteFideId "1510045"]
[BlackFideId "2209764"]
[WhiteElo "2642"]
[BlackElo "2327"]
[Result "1-0"]
[Round "06"]
[TimeControl "180+2"]
[Date "2023.02.07"]
[WhiteClock "0:00:49"]
[BlackClock "0:00:03"]

1. c4 e5 2. Nc3 Nf6 3. Nf3 Nc6 4. e4 g6 5. d4 exd4 6. Nxd4 Bg7 7. Be3 O-O 8. Nc2 Re8 9. f3 d6 10. Be2 a6 11. O-O Rb8 12. Qd2 Ne5 13. Rad1 Be6 14. b3 b5 15. cxb5 axb5 16. Bxb5 c6 17. Ba4 d5 18. exd5 Nxd5 19. Nxd5 Bxd5 20. Nd4 Qh4 21. Qf2 Qxf2+ 22. Bxf2 h5 23. h3 Bh6 24. Rfe1 Bf4 25. Ne2 Bh6 26. Nc3 Bxf3 27. gxf3 Nxf3+ 28. Kf1 Nxe1 29. Rxe1 Rxe1+ 30. Bxe1 c5 31. Ne4 Rc8 32. Bb5 f5 33. Nd6 Rd8 34. Nc4 Bg7 35. a4 Bd4 36. a5 g5 37. a6 g4 38. hxg4 hxg4 39. a7 f4 40. Bc6 1-0


[Site "https://www.chess.com"]

[Event "Titled Tuesday Blitz February 07 Late 2023"]
[White "reevecanada"]
[Black "Rustemov, Alexander"]
[BlackFideId "4119002"]
[WhiteElo "2474"]
[BlackElo "2525"]
[Result "0-1"]
[Round "06"]
[TimeControl "180+2"]
[Date "2023.02.07"]
[WhiteClock "0:02:30"]
[BlackClock "0:01:48"]

1. e4 e6 2. b3 d5 3. Bb2 Nf6 4. exd5 exd5 5. Ne2 Bd6 6. g3 O-O 7. Bg2 Re8 8. O-O c6 9. h3 Nbd7 10. d4 Ne4 11. c4 Ndf6 12. Nbc3 Bf5 13. Re1 Qd7 14. g4 Bg6 15. Nxe4 Bxe4 16. Ng3 Bxg3 17. fxg3 Bxg2 18. Kxg2 Ne4 19. Qf3 Re6 20. Re2 Rae8 21. Rae1 h6 22. h4 Rg6 23. Kh3 h5 24. Qf5 hxg4+ 25. Kg2 Qxf5 0-1


[Site "https://www.chess.com"]

[Event "Titled Tuesday Blitz February 07 Late 2023"]
[White "Pakleza, Zbigniew"]
[Black "Estrada Nieto, Julian"]
[WhiteFideId "1119290"]
[BlackFideId "5101018"]
[WhiteElo "2494"]
[BlackElo "2215"]
[Result "1-0"]
[Round "06"]
[TimeControl "180+2"]
[Date "2023.02.07"]
[WhiteClock "0:00:04"]
[BlackClock "0:00:03"]

1. g4 d5 2. Bg2 c6 3. h3 e5 4. c4 dxc4 5. Qc2 Be6 6. Nf3 Bd6 7. Na3 b5 8. b3 Qa5 9. Qb2 Nd7 10. bxc4 bxc4 11. Ng5 Rb8 12. Qc3 Bb4 13. Qg3 c3 14. O-O cxd2 15. Bxd2 Bxd2 16. Nxe6 fxe6 17. Nc4 Qc3 18. Nxd2 Qxd2 19. Rfd1 Qf4 20. Qa3 Ngf6 21. Bxc6 Rd8 22. e3 Qh6 23. Kg2 Qg6 24. Rac1 Nxg4 25. hxg4 Qxg4+ 26. Kf1 Rf8 27. Bxd7+ Kf7 28. Qa4 Qxa4 29. Bxa4 Kf6 30. Rc7 Rxd1+ 31. Bxd1 Rd8 32. Bb3 Rd2 33. Rxa7 e4 34. Ra6 h5 35. Rxe6+ Kg5 36. Rxe4 g6 37. Kg2 h4 38. Rd4 Rb2 39. Rd5+ Kg4 40. Rd4+ Kg5 41. e4 h3+ 42. Kxh3 Rxf2 43. Kg3 Rb2 44. Rd5+ Kf6 45. Rb5 g5 46. e5+ Ke7 47. Rb7+ Ke8 48. Ba4+ 1-0


[Site "https://www.chess.com"]